 Dungeon Crawl Stone Soup version 0.27-a0-1597-ge58577e147 (webtiles) character file.

Game seed: 15059443751848916701

928 Mitsuki the Destroyer (level 7, -8/36 HPs)
             Began as a Deep Elf Conjurer on July 21, 2021.
             Mangled by Harold (20 damage)
             ... on level 7 of the Dungeon.
             The game lasted 00:08:49 (3702 turns).

Mitsuki the Destroyer (Deep Elf Conjurer)           Turns: 3702, Time: 00:08:50

Health: -8/36      AC:  9    Str:  4    XL:     7   Next: 85%
Magic:  9/19       EV: 10    Int: 25    God:
Gold:   81         SH:  0    Dex: 13    Spells: 17/20 levels left

rFire    . . .     SeeInvis .   b - +0 dagger
rCold    . . .     Faith    .   (no shield)
rNeg     . . .     Spirit   .   d - +0 acid dragon scales
rPois    .         Reflect  .   (no helmet)
rElec    .         Harm     .   l - +0 cloak
rCorr    +         Rampage  .   o - +0 pair of gloves
Will     .....                  c - +0 pair of boots
Stlth    ++........             (no amulet)
HPRegen  0.12/turn              (no ring)
MPRegen  0.16/turn              (no ring)

@: marked
A: no striking features
a: no special abilities


You were on level 7 of the Dungeon.
You visited 1 branch of the dungeon, and saw 5 of its levels.

You collected 81 gold pieces.

Inventory:

Hand Weapons
 b - a +0 dagger (weapon)
Armour
 c - a +0 pair of boots (worn)
 d - +0 acid dragon scales (worn)
 l - a +0 cloak (worn)
 o - a +0 pair of gloves (worn)
Jewellery
 h - a ring of flight
Scrolls
 a - a scroll of identify
 f - a scroll of enchant weapon
Potions
 e - 2 potions of curing {unknown}
 g - a potion of heal wounds
 i - a potion of haste {unknown}
 k - 2 potions of magic {unknown}
 n - a potion of brilliance {unknown}


   Skills:
 - Level 2.6 Dodging
 - Level 2.7 Stealth
 + Level 7.3 Spellcasting
 * Level 9.1 Conjurations


You had 17 spell levels left.
You knew the following spells:

 Your Spells              Type           Power      Damage    Failure   Level
a - Magic Dart            Conj           100%       1d8       1%          1
b - Searing Ray           Conj           100%       3d7       1%          2

Your spell library contained the following spells:

 Spells                   Type           Power      Damage    Failure   Level
 Dazzling Flash           Conj/Hex       64%        N/A       8%          3
 Corona                   Hex            10%        N/A       16%         1
 Ensorcelled Hibernation  Hex/Ice        18%        N/A       24%         2
 Sublimation of Blood     Necr           4%         N/A       24%         2
 Wereblood                Tmut           9%         N/A       24%         2
 Fulminant Prism          Conj/Hex       16%        3d11      24%         4
 Iskenderun's Mystic Bla  Conj/Tloc      32%        2d8       24%         4
 Call Canine Familiar     Summ           9%         N/A       43%         3
 Portal Projectile        Hex/Tloc       18%        N/A       43%         3
 Tukima's Dance           Hex            9%         N/A       43%         3
 Leda's Liquefaction      Hex/Erth       4%         N/A       83%         4
 Summon Hydra             Summ           4%         N/A       100%        7


Dungeon Overview and Level Annotations

Branches:
Dungeon (4/15)
 Temple: D:4-7

Altars:

Annotations:
D:7 Harold


Message History

Confirm with . or Enter, or press ? or * to list all spells.
Aiming: Searing Ray (safe; 1% risk of failure)
Press: ? - help, Shift-Dir - straight line, f/p - Harold
Aim: Harold, wielding a +0 short sword, wearing a +0 scale mail and quivering 2 throwing nets (lightly wounded, 90% to hit)
The searing ray misses Harold. (Press . to maintain the ray.) Harold barely misses you.
You now have 15/19 mp.
The searing ray hits Harold!
Harold is lightly wounded.
Harold hits you but does no damage.
You now have 14/19 mp.
The searing ray hits Harold!
Harold is moderately wounded.
Harold hits you with a +0 short sword.
You take 2 damage, and have 22/36 hp.
You now have 13/19 mp.
The searing ray hits Harold!
Harold is heavily wounded.
You finish channeling your searing ray.
Harold points at you and mumbles some strange words.
A sentinel's mark forms upon you.
Casting: Searing Ray (safe; 1% risk of failure)
Confirm with . or Enter, or press ? or * to list all spells.
Aiming: Searing Ray (safe; 1% risk of failure)
Press: ? - help, Shift-Dir - straight line, f/p - Harold
Aim: Harold, wielding a +0 short sword, wearing a +0 scale mail and quivering 2 throwing nets (heavily wounded, 90% to hit)
The searing ray hits Harold!
Harold is severely wounded. (Press . to maintain the ray.) Harold hits you with a +0 short sword.
You take 4 damage, and have 18/36 hp.
You now have 11/19 mp.
The searing ray misses Harold.
Harold says, "Bounty hunting has been great, but I can't wait to retire."
Harold hits you with a +0 short sword!
You take 7 damage, and have 11/36 hp.
You now have 10/19 mp.
The searing ray hits Harold!
Harold is severely wounded.
Harold hits you with a +0 short sword!!
Ouch! That really hurt!
You die...

### .#.#...# #.#..
.!.....# ####.#.#
#.....###
.......#####......####
..##.#.##......#.....#
..>....##.##.#.#...<.#
.......##.##.#...@...#
.............# #@.?..#
≈≈.....##.##.###.....#
#≈...####.##...(..####
#≈..## #.#########
#≈.## #.# #≈.#
#.####### #≈.#
#.......# ≈≈.#
######..# ...## ..P


You could see Harold.

Vanquished Creatures
  Maggie (D:7)
  A water moccasin (D:7)
  A centaur (D:7)
  2 bullfrogs (D:7)
  A water moccasin skeleton (D:4)
  An orc priest (D:2)
  2 hounds
  A jelly (D:4)
  An iguana (D:7)
  An orc wizard (D:2)
  2 gnolls
  4 adders
  A white imp (D:7)
  A worm (D:4)
  2 orcs
  3 ball pythons
  3 endoplasms (D:1)
  A giant cockroach (D:1)
  2 goblins (D:1)
  4 hobgoblins
  9 jackals
  4 quokkas
  2 bats (D:1)
  A frilled lizard (D:1)
  6 kobolds
  2 rats (D:3)
59 creatures vanquished.

Vanquished Creatures (others)
  A plant (D:2)
1 creature vanquished.

Grand Total: 60 creatures vanquished

Notes
Turn   | Place    | Note
-------+----------+-------------------------------------------
     0 | D:1      | Mitsuki the Deep Elf Conjurer began the quest for the Orb.
     0 | D:1      | Reached XP level 1. HP: 10/10 MP: 6/6
   233 | D:1      | Reached XP level 2. HP: 15/15 MP: 6/8
   236 | D:1      | Learned a level 2 spell: Searing Ray
  1028 | D:2      | Reached skill level 5 in Conjurations
  1028 | D:2      | Reached XP level 3. HP: 19/19 MP: 6/10
  1410 | D:2      | Reached XP level 4. HP: 24/24 MP: 8/12
  2087 | D:3      | Reached skill level 6 in Conjurations
  2087 | D:3      | Reached XP level 5. HP: 28/28 MP: 5/14
  2543 | D:3      | Found a faded altar of an unknown god.
  2938 | D:4      | Reached skill level 5 in Spellcasting
  3019 | D:4      | Reached XP level 6. HP: 32/32 MP: 6/16
  3184 | D:4      | You fall into a shaft and drop 3 floors!
  3189 | D:7      | Noticed a water moccasin
  3190 | D:7      | Reached skill level 7 in Conjurations
  3194 | D:7      | Killed a water moccasin
  3271 | D:7      | Noticed Maggie
  3281 | D:7      | Killed Maggie
  3282 | D:7      | Reached skill level 8 in Conjurations
  3282 | D:7      | Reached XP level 7. HP: 17/36 MP: 5/19
  3587 | D:7      | Reached skill level 9 in Conjurations
  3693 | D:7      | Noticed Harold
  3702 | D:7      | Mangled by Harold

Illustrated notes

Levels and vault maps discovered:
D:1:      lightli_arrival_isolated_outpost, layout_loops_ring, serial_aquarium,
          aquarium_bridge_long_joined [aquarium_subvault_bridge,
          aquarium_subvault_wall, aquarium_subvault_wall,
          aquarium_subvault_window, aquarium_subvault_bridge,
          aquarium_subvault_balcony], aquarium_window_2, aquarium_window_2,
          aquarium_view_2d, aquarium_view_2c
D:2:      layout_loops_ring, serial_forest, infiniplex_forest_lined_3,
          infiniplex_forest_end_3, infiniplex_forest_clump_small,
          infiniplex_forest_end_3, infiniplex_forest_lined_corner,
          infiniplex_forest_end_2, infiniplex_forest_lined_corner,
          infiniplex_forest_end_double
D:3:      layout_rooms, hellmonk_ecumenical_altar_leap_of_faith
D:4:      layout_rooms, minmay_misc_feat_columns, minivault_5, uniq_sigmund
D:7:      layout_loops_cross, minitemple, enter_bailey_3, minmay_lizard_king,
          uniq_maggie, uniq_harold

Skill      XL: |  1  2  3  4  5  6  7 |
---------------+----------------------+-----
Conjurations   | 5 6 8 9 |  9.1
Spellcasting   | 4 5 6 7 |  7.3
Dodging        | |  2.6
Stealth        | |  2.7

Action                   |  1- 3 |  4- 6 |  7- 9 || total
-------------------------+-------+-------+-------++-------
 Cast: Magic Dart        |    53 |    68 |     1 ||   122
       Searing Ray       |       |     5 |     8 ||    13
  Use: Scroll            |       |     4 |       ||     4
Armor: Robe              |       |     3 |       ||     3
       Acid dragon scale |       |       |     6 ||     6
Dodge: Dodged            |       |    21 |     8 ||    29

Table legend: (Time is in decaauts)
 A = Elapsed time spent in this place.
 B = Non-inter-level travel time spent in this place.
 C = Inter-level travel time spent in this place.
 D = Time resting spent in this place.
 E = Time spent auto-exploring this place.
 F = Levels seen in this place.
 G = Mean time per level.
                   A        B        C        D        E       F      G
               +--------+--------+--------+--------+--------+-----+--------+
         Total |   3711 |   3579 |    132 |    621 |   2566 |   5 |  742.2 |
       Dungeon |   3711 |   3579 |    132 |    621 |   2566 |   5 |  742.2 |
               +--------+--------+--------+--------+--------+-----+--------+

Top non-repeatable levels by time:
     D:2: 1040 daAuts
     D:1: 987 daAuts
     D:3: 856 daAuts
     D:7: 517 daAuts
     D:4: 309 daAuts
